AoeStats
← DENON

Arabia

510157573Analyzed
1v1 RM · 3d ago on Sep 29, 2026· 53m 38s· 2 players
Game mode
Random Map
Map size
Tiny (2 player)
Population
200
Speed
Normal
Resources
Standard
Victory
Conquest
Starting age
Dark Age
Ending age
Imperial Age
RankedLock teamsTeams togetherTeam positionsShared explorationLock speedFull tech treeHidden civsTurbo modeCheats
Victory
Defeat
🇨🇿 Bohemians · Czechia
794
+16
🇺🇸 Slavs · United States
802
-16
Black AnGeL
10:16 Feudal Age
10:43 Double-Bit Axe
15:27 Horse Collar
16:18 Fletching
16:59 Padded Archer Armor
21:18 Castle Age
21:38 Crossbowman
22:17 Bodkin Arrow
22:44 Heavy Plow
22:57 Bow Saw
30:03 Ballistics
30:44 Chemistry
31:32 Leather Archer Armor
36:23 Town Watch
39:14 Imperial Age
36:48 Murder Holes
42:34 Arbalester
43:19 Bracer
43:49 Ring Archer Armor
43:25 Town Watch
44:15 Wheelbarrow
44:03 Masonry
45:20 Hussite Reforms
45:37 Conscription
48:42 Town Patrol
49:11 Block Printing
49:28 Illumination
49:25 Loom
DENON
4:18 Loom
10:19 Feudal Age
10:45 Double-Bit Axe
10:41 Horse Collar
12:56 Man-at-Arms
22:17 Castle Age
23:36 Long Swordsman
24:28 Fletching
24:42 Scale Mail Armor
24:52 Forging
25:14 Squires
31:50 Iron Casting
33:51 Scale Barding Armor
34:04 Chain Mail Armor
36:33 Detinets
37:33 Herbal Medicine
38:18 Wheelbarrow
39:21 Chain Barding Armor
44:38 Imperial Age
43:31 Bow Saw
45:01 Ballistics
46:09 Onager
49:30 Elite Boyar
Connection lost

Rejoining the realm…

Still unreachable

The connection could not be restored.

Session expired

The server has moved on; the page needs a fresh start.